 Dungeon Crawl Stone Soup version 0.30-a0-272-gf98c3da03f (webtiles) character file.

Game seed: 9820282481150458984

626 themarg the Chopper (level 7, -7/90 HPs)
             Began as a Gnoll Chaos Knight on Oct 16, 2022.
             Was a Plaything of Xom.
             Mangled by an iguana (14 damage)
             ... on level 5 of the Dungeon.
             The game lasted 00:10:48 (4596 turns).

themarg the Chopper (Gnoll Chaos Knight)            Turns: 4596, Time: 00:10:48

Health: -7/90      AC: -1    Str: 12 (13) XL:     7   Next: 47%
Magic:  10/10      EV: 11    Int: 10 (11) God:    Xom [*.....]
Gold:   199        SH:  0    Dex: 11 (12) Spells: 11/11 levels left

rFire   . . .      SeeInvis .    a - +0 hand axe (chaos)
rCold   x . .      Faith    .    (no shield)
rNeg    . . .      Spirit   .    h - +0 ring mail {rPois}
rPois   +          Reflect  .    j - +0 helmet
rElec   .          Harm     .    i - +0 cloak
rCorr   .          Rampage  .    (no gloves)
Will    .....                    (no boots)
Stlth   ..........               (no amulet)
HPRegen 0.35/turn                (no ring)
MPRegen 0.12/turn                (no ring)

@: berserking, corroded, flying, very quick
A: fangs 1, strong nose, distributed training, deformed body, cold vulnerability
1
a: Renounce Religion


You were on level 5 of the Dungeon.
You worshipped Xom.
You were a special plaything of Xom.
You visited 1 branch of the dungeon, and saw 6 of its levels.

You collected 199 gold pieces.

Inventory:

Hand Weapons
 a - a +0 hand axe of chaos (weapon)
Missiles
 b - 11 poisoned darts
 d - 53 stones
 y - 2 curare-tipped darts
 z - 3 datura-tipped darts
Armour
 h - a +0 ring mail of poison resistance (worn)
 i - a +0 cloak (worn)
 j - a +0 helmet (worn)
Jewellery
 l - a +6 ring of dexterity
 r - a +4 ring of evasion
 u - an amulet of reflection
Scrolls
 e - a scroll of acquirement {unknown}
 f - a scroll of identify
 m - a scroll of enchant weapon {unknown}
 n - a scroll of fear {unknown}
 q - 2 scrolls of noise {unknown}
 s - 2 scrolls of immolation {unknown}
 t - a scroll of silence {unknown}
 w - a scroll of magic mapping {unknown}
 A - a scroll of vulnerability {unknown}
 D - 3 scrolls of fog {unknown}
 F - a scroll of teleportation {unknown}
Potions
 g - a potion of degeneration
 k - 2 potions of magic
 o - a potion of resistance {unknown}
 p - a potion of flight
 v - a potion of attraction {unknown}
 x - a potion of invisibility {unknown}
 B - a potion of mutation {unknown}
 E - a potion of curing {unknown}
Miscellaneous
 c - a piece from Xom's chessboard (15/15) (quivered)


   Skills:
 + Level 7.1 Fighting
 + Level 2.6 Short Blades
 + Level 2.6 Long Blades
 + Level 7.1 Axes
 + Level 2.6 Maces & Flails
 + Level 2.6 Polearms
 + Level 2.6 Staves
 + Level 2.6 Ranged Weapons
 + Level 2.6 Throwing
 + Level 5.3 Armour
 + Level 3.7 Dodging
 + Level 2.6 Stealth
 + Level 2.6 Shields
 + Level 2.6 Unarmed Combat
 + Level 2.6 Spellcasting
 + Level 2.1 Conjurations
 + Level 2.1 Hexes
 + Level 2.1 Summonings
 + Level 2.1 Necromancy
 + Level 2.1 Translocations
 + Level 2.1 Transmutations
 + Level 2.1 Fire Magic
 + Level 2.1 Ice Magic
 + Level 2.1 Air Magic
 + Level 2.1 Earth Magic
 + Level 2.1 Poison Magic
 + Level 2.9 Invocations
 + Level 2.6 Evocations


You had 11 spell levels left.
You didn't know any spells.
Your spell library contained the following spells:

 Spells                   Type           Power      Damage    Failure   Level
 Magic Dart               Conj           20%        1d4       26%         1
 Call Imp                 Summ           5%         N/A       36%         2
 Dazzling Flash           Conj/Hex       10%        N/A       58%         3
 Mephitic Cloud           Conj/Pois/Air  5%         N/A       58%         3
 Airstrike                Air            2%         2d(1-17)  94%         4
 Manifold Assault         Tloc           5%         N/A       94%         4
 Summon Ice Beast         Ice/Summ       5%         N/A       94%         4
 Summon Lightning Spire   Summ/Air       5%         N/A       94%         4
 Agony                    Necr           5%         N/A       100%        5
 Lightning Bolt           Conj/Air       2%         1d14      100%        5
 Silence                  Hex/Air        2%         N/A       100%        5
 Dispersal                Tloc           2%         N/A       100%        6
 Eringya's Noxious Bog    Tmut/Pois      2%         N/A       100%        6
 Summon Cactus Giant      Summ           2%         N/A       100%        6
 Disjunction              Tloc           2%         N/A       100%        8


Dungeon Overview and Level Annotations

Branches:
Dungeon (6/15)             Temple (0/1) D:6

Altars:
Dithmenos
Elyvilon
Sif Muna
Uskayaw

Shops:
D:4 [=?((

Annotations:
D:5 Blork the orc, Grinder


Innate Abilities, Weirdness & Mutations

You have very sharp teeth.
Your uncanny sense of smell can sniff out nearby items.
Your experience applies equally to all skills.
Armour fits poorly on your strangely shaped body.
You are vulnerable to cold. (rC-)


Message History

The jelly jiggles.
The jelly closely misses you.
You hit the jelly.
Your hands burn!
You punch the jelly, but do no damage.
The jelly is moderately wounded.
The jelly hits you.
You emit a cloud of colourful smoke!
The acid corrodes you!
You are splashed with acid!
You hit the jelly.
Your hands burn!
The jelly is moderately wounded.
You barely miss the iguana. You barely miss the orc. The jelly hits you.
You are splashed with acid!
The orc barely misses you. The iguana bites you!
The orc attacks as you move away! The orc hits you with a +0 short sword.
You hit the iguana but do no damage. You hit the orc.
You feel better.
You hit the jelly but do no damage.
The jelly is moving more slowly.
The acid corrodes you!
Your hands burn!
You hit the iguana but do no damage.
The iguana resists with some effort.
You hit the orc but do no damage. You hit the jelly but do no damage.
Your hands burn!
The jelly barely misses you. The orc barely misses you.
The iguana completely misses you.
You barely miss the iguana. You hit the orc but do no damage.
The orc seems to grow stronger.
You hit the jelly.
Your hands burn!
The jelly hits you.
* * * LOW HITPOINT WARNING * * *
The acid corrodes you!
You are splashed with acid!
* * * LOW HITPOINT WARNING * * *
The orc barely misses you. The iguana misses you.
It was a potion of flight.
You feel very buoyant.
You fly up into the air.
The jelly stops moving altogether!
The orc barely misses you. The iguana barely misses you.
It was a potion of degeneration.
There was something very wrong with that liquid.
You feel weakened.
You feel dopey.
You feel clumsy. The orc misses you. The iguana bites you.
* * * LOW HITPOINT WARNING * * *
It was a potion of berserk rage.
A red film seems to cover your vision as you go berserk!
You feel yourself moving faster!
You feel mighty! The orc closely misses you. The iguana bites you!
You die...

####.####.......#
#.......# ......#
#.......#. .....#
#.......#.. ....#
#..._...^.. ...########
#.......#.# #.#.......#
#.......#.####'#.......#
#.......#..............#
#########.......@J§....#
................ol§....#
#.....)##.......○§☼....#
#......#.............$.#
#......#...............#
#......#...............#
#......'...............#
#......#########.......#
#......# #..$....#


You could see an iguana, a jelly (petrified) and an orc (strong).

Vanquished Creatures
  2 ogres (D:6)
  A phantom (D:6)
  A jelly (D:3)
  2 hounds
  An iguana (D:6)
  6 adders
  A white imp (D:5)
  2 worms (D:2)
  An orc (D:3)
  6 ball pythons
  6 endoplasms
  3 giant cockroaches
  9 goblins
  8 hobgoblins
  2 quokkas
  3 bats
  2 frilled lizards (D:1)
  5 kobolds
  4 rats
65 creatures vanquished.

Vanquished Creatures (collateral kills)
  A scorpion (D:4)
  Natasha (D:3)
2 creatures vanquished.

Vanquished Creatures (others)
  A phantom (D:6)
1 creature vanquished.

Grand Total: 68 creatures vanquished

Notes
Turn   | Place    | Note
-------+----------+-------------------------------------------
     0 | D:1      | themarg the Gnoll Chaos Knight began the quest for the Orb.
     0 | D:1      | Reached XP level 1. HP: 23/23 MP: 1/1
    87 | D:1      | Reached XP level 2. HP: 26/29 MP: 2/2
   347 | D:1      | XOM: 4-stop teleportation journey
   809 | D:2      | Reached XP level 3. HP: 35/35 MP: 3/3
  1037 | D:2      | Reached skill level 1 in Invocations
  1067 | D:2      | Reached skill level 1 in Short Blades
  1067 | D:2      | Reached skill level 1 in Long Blades
  1067 | D:2      | Reached skill level 1 in Maces & Flails
  1067 | D:2      | Reached skill level 1 in Polearms
  1067 | D:2      | Reached skill level 1 in Staves
  1067 | D:2      | Reached skill level 1 in Ranged Weapons
  1067 | D:2      | Reached skill level 1 in Throwing
  1067 | D:2      | Reached skill level 1 in Stealth
  1067 | D:2      | Reached skill level 1 in Shields
  1067 | D:2      | Reached skill level 1 in Unarmed Combat
  1067 | D:2      | Reached skill level 1 in Spellcasting
  1067 | D:2      | Reached skill level 1 in Evocations
  1480 | D:2      | XOM: noise
  1660 | D:3      | XOM: polymorph worm -> jelly
  1670 | D:3      | HP: 1/35 [acid (5)]
  1672 | D:3      | Reached skill level 1 in Conjurations
  1672 | D:3      | Reached skill level 1 in Hexes
  1672 | D:3      | Reached skill level 1 in Summonings
  1672 | D:3      | Reached skill level 1 in Necromancy
  1672 | D:3      | Reached skill level 1 in Translocations
  1672 | D:3      | Reached skill level 1 in Transmutations
  1672 | D:3      | Reached skill level 1 in Fire Magic
  1672 | D:3      | Reached skill level 1 in Ice Magic
  1672 | D:3      | Reached skill level 1 in Air Magic
  1672 | D:3      | Reached skill level 1 in Earth Magic
  1672 | D:3      | Reached skill level 1 in Poison Magic
  1672 | D:3      | Reached XP level 4. HP: 2/41 MP: 5/5
  1837 | D:3      | You fall into a shaft and drop 1 floor!
  1925 | D:4      | Found a white marble altar of Elyvilon.
  1925 | D:4      | Found a shimmering blue altar of Sif Muna.
  2047 | D:4      | Noticed a scorpion
  2050 | D:4      | XOM: summons friendly quasit
  2063 | D:4      | Killed a scorpion
  2064 | D:4      | Reached XP level 5. HP: 47/47 MP: 5/7
  2070 | D:4      | XOM: noise
  2122 | D:4      | Found Roiw's Antique Weapon Shop.
  2146 | D:4      | Found Wopow's Weapon Shoppe.
  2327 | D:4      | Found Basotoym's Antique Armour Shoppe.
  2384 | D:4      | Found Walu's Magic Scroll Shop.
  2433 | D:4      | XOM: summons 1 hostile demon
  2524 | D:4      | Found Hugikuv's Jewellery Shop.
  2574 | D:4      | XOM: summons 3 hostile demons
  2747 | D:4      | XOM: scenery: 1 doors open, 1 doors close
  2894 | D:3      | Found a hide-covered altar of Uskayaw.
  3179 | D:3      | Noticed Natasha
  3186 | D:3      | XOM: summons 3 friendly demons
  3190 | D:3      | Killed Natasha
  3295 | D:3      | XOM: god gift: quarterstaff {god gift}
  3324 | D:5      | Entered Level 5 of the Dungeon
  3335 | D:5      | Reached XP level 6. HP: 53/53 MP: 8/8
  3347 | D:5      | Noticed Blork the orc
  3350 | D:5      | Found a shadowy altar of Dithmenos.
  3354 | D:5      | Noticed Grinder
  3385 | D:6      | Reached skill level 5 in Armour
  3386 | D:6      | XOM: enchant monster (bad)
  3531 | D:6      | XOM: enchant monster (good)
  3540 | D:6      | Reached XP level 7. HP: 59/59 MP: 10/10
  3568 | D:6      | XOM: give mutations
  3568 | D:6      | Gained mutation: Armour fits poorly on your strangely
                  | shaped body. [Xom's mischief]
  3568 | D:6      | Gained mutation: You are partially covered in iridescent
                  | scales. (AC +2) [Xom's mischief]
  3595 | D:6      | Found a staircase to the Ecumenical Temple.
  3625 | D:6      | XOM: divine lightning
  3644 | D:6      | XOM: torment (25/60 hp)
  4268 | D:5      | XOM: give mutations
  4268 | D:5      | Gained mutation: You are vulnerable to cold. (rC-) [Xom's
                  | mischief]
  4268 | D:5      | Lost mutation: Armour fits poorly on your strangely shaped
                  | body. [Xom's mischief]
  4268 | D:5      | Lost mutation: You are partially covered in iridescent
                  | scales. (AC +2) [Xom's mischief]
  4542 | D:5      | Got the Papyrus of Putrid Allies
  4584 | D:5      | XOM: give mutation
  4584 | D:5      | Gained mutation: Armour fits poorly on your strangely
                  | shaped body. [Xom's mischief]
  4588 | D:5      | XOM: smoke on damage
  4596 | D:5      | Mangled by an iguana

Illustrated notes

Levels and vault maps discovered:
D:1:      ncdulo_smallfort, layout_rooms, reono_crystal_passage
D:2:      layout_basic, minmay_misc_feat_enclosed, kennysheep_cross_room
D:3:      layout_loops_ring, mainiacjoe_overflow_alcove_4, uniq_natasha
D:4:      layout_basic, nicolae_overflow_two_pavilions, serial_shops, shop,
          nicolae_shop_hallway_plus, nicolae_shop_statue_plus,
          nicolae_shop_hallway_stairs, shop
D:5:      layout_basic, lemuel_tele_altar, uniq_blork_the_orc, uniq_duvessa,
          uniq_grinder
D:6:      layout_cave_pools, temple_doors_e

Skill      XL: |  1  2  3  4  5  6  7 |
---------------+----------------------+-----
Invocations    | 1 2 |  2.9
Short Blades   | 1 2 |  2.6
Long Blades    | 1 2 |  2.6
Maces & Flails | 1 2 |  2.6
Polearms       | 1 2 |  2.6
Staves         | 1 2 |  2.6
Ranged Weapons | 1 2 |  2.6
Throwing       | 1 2 |  2.6
Stealth        | 1 2 |  2.6
Shields        | 1 2 |  2.6
Unarmed Combat | 1 2 |  2.6
Spellcasting   | 1 2 |  2.6
Evocations     | 1 2 |  2.6
Conjurations   | 1 2 |  2.1
Hexes          | 1 2 |  2.1
Summonings     | 1 2 |  2.1
Necromancy     | 1 2 |  2.1
Translocations | 1 2 |  2.1
Transmutations | 1 2 |  2.1
Fire Magic     | 1 2 |  2.1
Ice Magic      | 1 2 |  2.1
Air Magic      | 1 2 |  2.1
Earth Magic    | 1 2 |  2.1
Poison Magic   | 1 2 |  2.1
Dodging        | 3 |  3.7
Armour         | 5 |  5.3
Fighting       | 7 |  7.1
Axes           | 7 |  7.1

Action                   |  1- 3 |  4- 6 |  7- 9 || total
-------------------------+-------+-------+-------++-------
Melee: Hand axe          |   112 |   144 |    62 ||   318
       Bite              |     4 |    20 |     7 ||    31
       Punch             |     1 |     3 |     1 ||     5
  Use: Scroll            |       |     1 |       ||     1
       Potion            |       |     1 |     3 ||     4
 Stab: Petrified         |     2 |       |       ||     2
       Petrifying        |       |     1 |       ||     1
       Paralysed         |       |     7 |       ||     7
Armor: Leather armour    |    14 |       |       ||    14
       Ring mail         |    20 |    92 |    26 ||   138
Dodge: Dodged            |    55 |   102 |    35 ||   192

Table legend: (Time is in decaauts)
 A = Elapsed time spent in this place.
 B = Non-inter-level travel time spent in this place.
 C = Inter-level travel time spent in this place.
 D = Time resting spent in this place.
 E = Time spent auto-exploring this place.
 F = Levels seen in this place.
 G = Mean time per level.
                   A        B        C        D        E       F      G
               +--------+--------+--------+--------+--------+-----+--------+
         Total |   4592 |   4414 |    178 |    131 |   3603 |   6 |  765.3 |
       Dungeon |   4592 |   4414 |    178 |    131 |   3603 |   6 |  765.3 |
               +--------+--------+--------+--------+--------+-----+--------+

Top non-repeatable levels by time:
     D:2: 1007 daAuts
     D:4: 934 daAuts
     D:6: 895 daAuts
     D:3: 863 daAuts
     D:1: 521 daAuts
     D:5: 370 daAuts
